 Dungeon Crawl Stone Soup version 0.30-a0-728-gc68057be0a (webtiles) character file.

Game seed: 14733863170712836755

206 testman the Magician (level 6, -3/46 HPs)
             Began as a Djinni Ice Elementalist on Jan 30, 2023.
             Slain by a mummy (13 damage)
             ... in an ossuary.
             The game lasted 00:08:34 (2503 turns).

testman the Magician (Djinni Ice Elementalist)      Turns: 2503, Time: 00:08:35

Health: -3/46      AC:  3    Str:  7    XL:     6   Next: 10%
Gold:   182        EV: 12    Int: 24    God:
                   SH:  0    Dex: 14

rFire   + + .      SeeInvis .    f - +0 short sword
rCold   x . .      Faith    .    (no shield)
rNeg    . . .      Spirit   .    s - +1 robe {Will+}
rPois   ∞          Reflect  .    (no helmet)
rElec   .          Harm     .    (no cloak)
rCorr   .          Rampage  .    (no gloves)
Will    +....                    (boots unavailable)
Stlth   ++                       (no amulet)
HPRegen 0.27/turn                d - +6 ring of intelligence
MPRegen 0.00/turn                (no ring)

@: freezing walls, flying
A: sickness immunity, fire resistance 2, cold vulnerability 1, float, innate
caster, HP casting, extra vitality 1
a: no special abilities


You were in an ossuary.
You visited 1 branch of the dungeon, and saw 4 of its levels.
You also visited: Ossuary.

You collected 182 gold pieces.

Inventory:

Hand Weapons
 f - a +0 short sword (weapon)
Missiles
 h - 2 atropa-tipped darts
 j - 4 javelins
Armour
 e - a +1 helmet
 s - a +1 robe of willpower (worn)
Jewellery
 d - a +6 ring of intelligence (left hand)
Wands
 w - a wand of flame (17)
Scrolls
 n - 2 scrolls of teleportation
 o - a scroll of brand weapon
 p - a scroll of enchant weapon
 q - a scroll of summoning
 r - 2 scrolls of fog
 t - a scroll of enchant armour
Potions
 a - a potion of flight {unknown}
 b - a potion of magic
 c - a potion of mutation {unknown}
 g - 2 potions of attraction {unknown}
 i - a potion of berserk rage {unknown}
 l - 2 potions of heal wounds {unknown}
 m - 2 potions of degeneration {unknown}
 u - a potion of resistance {unknown}
 v - a potion of haste {unknown}


   Skills:
 + Level 3.4 Fighting
 - Level 2.5 Dodging
 - Level 1.9 Stealth
 + Level 4.4 Spellcasting


You couldn't memorise any spells.
You knew the following spells:

 Your Spells              Type           Power      Damage    Failure   Level
a - Freeze                Ice            100%       1d10      1%          1
b - Frozen Ramparts       Ice            52%        1d8       4%          3
c - Ozocubu's Armour      Ice            26%        N/A       4%          3
d - Summon Ice Beast      Ice/Summ       26%        N/A       16%         4
e - Shock                 Conj/Air       100%       1d9       1%          1
f - Blink                 Tloc           52%        N/A       2%          2
Your spell library was empty.

Dungeon Overview and Level Annotations

Branches:
Dungeon (4/15)             Temple (0/1) D:4         Ossuary (1/1)

Altars:


Innate Abilities, Weirdness & Mutations

You are immune to sickness and miasma.
You are immune to poison.
Your flesh is very heat resistant. (rF++)
You are vulnerable to cold. (rC-)
You float through the air rather than walking.
You learn spells naturally, not from books.
Your magical power is your life essence.
You have superior vitality. (+4 MHP)


Message History

You reach down and open the door.
There is an open door here.
There is an open door here.
A mummy comes into view.
The mummy hits you!
You hit the mummy.
The mummy is lightly damaged.
The mummy barely misses you.
You hit the mummy but do no damage.
The mummy is lightly damaged.
You closely miss the mummy.
The mummy is lightly damaged.
The mummy closely misses you.
You hit the mummy.
The mummy is moderately damaged.
You hit the mummy but do no damage.
The mummy is moderately damaged.
The mummy hits you!
You hit the mummy. You punch the mummy, but do no damage.
The mummy is moderately damaged.
The mummy hits you!
* * * LOW HITPOINT WARNING * * *
You are too injured to fight recklessly!
Okay, then.
Casting: Shock (safe; 1% risk of failure)
Confirm with . or Enter, or press ? or * to list all spells.
Casting: Frozen Ramparts (dangerous; 4% risk of failure)
Press: ? - help, Dir - look around, f - activate The walls around you are covered in ice.
* * * LOW HITPOINT WARNING * * *
Casting: Frozen Ramparts (dangerous; 4% risk of failure)
Confirm with . or Enter, or press ? or * to list all spells.
Aiming: Freeze (safe; 1% risk of failure)
Press: ? - help, Shift-Dir - straight line, f - mummy
Aim: a mummy (moderately damaged)
You freeze the mummy.
The mummy resists.
The mummy is heavily damaged.
* * * LOW HITPOINT WARNING * * *
The mummy resists.
The wall freezes the mummy!
The mummy hits you!
You die...

#....'.#..#
#....#.#..#
#....#.'..#
########..#
#..# #..#
+..# #..#
#@.# #M.#
'..# ##..#
#..# #..#
#..# #..#


You could see a mummy.

Vanquished Creatures
  3 orc priests (D:3)
  A gnoll (D:1)
  3 adders (D:2)
  An adder zombie (Ossuary)
  A worm (D:2)
  2 dart slugs
  8 orcs (D:3)
  4 endoplasms
  3 giant cockroaches
  7 goblins
  A hobgoblin (D:1)
  2 jackals (D:3)
  A quokka (D:2)
  10 ball pythons
  7 bats
  3 frilled lizards
  7 kobolds
  5 rats
  A rat zombie (Ossuary)
70 creatures vanquished.

Notes
Turn   | Place    | Note
-------+----------+-------------------------------------------
     0 | D:1      | testman the Djinni Ice Elementalist began the quest for the
                  | Orb.
     0 | D:1      | testman set off with the following spells memorised:
                  | Freeze, Frozen Ramparts, Ozocubu's Armour, Summon Ice
                  | Beast.
     0 | D:1      | Reached XP level 1. HP: 15/15 MP: 0/0
   153 | D:1      | Reached XP level 2. HP: 18/21 MP: 0/0
   300 | D:1      | Reached XP level 3. HP: 26/26 MP: 0/0
   300 | D:1      | Learned a level 1 spell: Shock
   308 | D:1      | Reached skill level 1 in Fighting
   864 | D:2      | Reached XP level 4. HP: 30/32 MP: 0/0
  1492 | D:3      | Reached skill level 4 in Spellcasting
  1492 | D:3      | Reached XP level 5. HP: 36/39 MP: 0/0
  1492 | D:3      | Learned a level 2 spell: Blink
  2183 | D:3      | Reached XP level 6. HP: 42/46 MP: 0/0
  2411 | D:4      | Found a sand-covered staircase.
  2416 | Ossuary  | Entered an ossuary
  2503 | Ossuary  | Slain by a mummy

Illustrated notes

Levels and vault maps discovered:
D:1:      lightli_arrival_statue_moat, layout_rooms, minmay_box_of_dots
D:2:      layout_rooms
D:3:      layout_basic, nicolae_kite_square_tiling_tiny, grunt_ministairs_4
D:4:      layout_gridville, nicolae_qazlal_scattered_showers, zin_angel,
          minmay_temple_entry_trees, nicolae_ossuary_entry_false_entrances,
          item_on_display_a
Ossuary:  ossuary_boxes_badplayer

Skill      XL: |  1  2  3  4  5 |
---------------+----------------+-----
Fighting       | 1 2 3 |  3.4
Spellcasting   | 4 |  4.4
Dodging        | |  2.5
Stealth        | |  1.9

Action                     |  1- 3 |  4- 6 || total
---------------------------+-------+-------++-------
  Melee: Short sword       |    21 |    82 ||   103
         Punch             |       |     2 ||     2
   Cast: Freeze            |    15 |     4 ||    19
         Shock             |    14 |    20 ||    34
         Frozen Ramparts   |     1 |     5 ||     6
    Use: Scroll            |       |     7 ||     7
   Stab: Sleeping          |     3 |     6 ||     9
 Armour: Robe              |     4 |    11 ||    15
  Dodge: Dodged            |    25 |    45 ||    70

Table legend: (Time is in decaauts)
 A = Elapsed time spent in this place.
 B = Non-inter-level travel time spent in this place.
 C = Inter-level travel time spent in this place.
 D = Time resting spent in this place.
 E = Time spent auto-exploring this place.
 F = Levels seen in this place.
 G = Mean time per level.
                   A        B        C        D        E       F      G
               +--------+--------+--------+--------+--------+-----+--------+
         Total |   2501 |   2355 |    146 |     38 |   1847 |   5 |  500.2 |
       Dungeon |   2414 |   2268 |    146 |     38 |   1790 |   4 |  603.5 |
       Ossuary |     86 |     86 |      0 |      0 |     57 |   1 |   86.0 |
               +--------+--------+--------+--------+--------+-----+--------+

Top non-repeatable levels by time:
     D:3: 1048 daAuts
     D:1: 762 daAuts
     D:2: 528 daAuts
 Ossuary: 86 daAuts
     D:4: 75 daAuts
